 Dungeon Crawl Stone Soup version 0.31.0-11-ge490571c62 (webtiles) character file.

Game seed: 13571543044857549697

11468 Malady the Thaumaturge (level 11, -6/54 HPs)
             Began as a Gargoyle Earth Elementalist on Feb 8, 2024.
             Was an Elder of Elyvilon.
             Shot with an arrow by a centaur warrior (8 damage)
             ... on level 12 of the Dungeon on Feb 9, 2024.
             The game lasted 01:59:08 (15601 turns).

Malady the Thaumaturge (GrEE)                      Turns: 15601, Time: 01:59:08

Health: -6/54      AC: 15    Str: 12    XL:     11   Next: 78%
Magic:  0/36       EV: 12    Int: 28    God:    Elyvilon [****..]
Gold:   489        SH:  0    Dex: 10    Spells: 23/35 levels left

rFire   . . .        G - +5 hand axe of Salt {venom, rN+ Will+ Int+2}
rCold   . . .        (no shield)
rNeg    + + .        s - +0 troll leather armour
rPois   ∞            (no helmet)
rElec   +            r - +0 cloak
rCorr   .            K - +2 pair of gloves
SInv    .            (no boots)
Will    +....        y - amulet of guardian spirit
Stlth   ++           E - ring of magical power
HPRegen 1.09/turn    i - +6 ring of intelligence
MPRegen 0.25/turn

%: guardian spirit
@: about to teleport, spiked, very slightly contaminated, studying Shields
A: sickness immunity, AC +8, negative energy resistance 1, electricity
resistance, torment resistance 1, petrification resistance
a: Renounce Religion, Purification, Heal Other, Heal Self


You were on level 12 of the Dungeon.
You worshipped Elyvilon.
Elyvilon was greatly pleased with you.
You visited 3 branches of the dungeon, and saw 14 of its levels.

You collected 489 gold pieces.

Inventory:

Hand Weapons
 c - the +8 rapier of the Writhing Gods {speed, ^Drain Int+4 Stlth+}
   (You found it on level 11 of the Dungeon)

   Int+4:     It affects your intelligence (+4).
   ^Drain:    It drains your maximum health when unequipped.
   Stlth+:    It makes you more stealthy.
 G - the +5 hand axe of Salt (weapon) {venom, rN+ Will+ Int+2}
   (You found it on level 7 of the Dungeon)

   Int+2:     It affects your intelligence (+2).
   rN+:       It protects you from negative energy.
   Will+:     It increases your willpower.
Armour
 b - a +2 robe of willpower
 r - a +0 cloak (worn)
 s - a +0 troll leather armour (worn)
 C - the +1 robe of Dice, Bag, and Bottle {Int+3}
   (You found it on level 6 of the Dungeon)

   Int+3:     It affects your intelligence (+3).
 K - a +2 pair of gloves (worn)
Magical Staves
 B - a staff of earth
Jewellery
 f - a +6 ring of strength
 g - an amulet of faith
 i - a +6 ring of intelligence (right hand)
 o - a ring of protection from fire
 y - an amulet of guardian spirit (around neck)
 E - a ring of magical power (left hand)
 J - a ring of resist corrosion
Wands
 a - a wand of digging (11)
 k - a wand of iceblast (7) (quivered)
 m - a wand of flame (16)
 D - a wand of paralysis (7)
 H - a wand of mindburst (15)
Scrolls
 d - a scroll of blinking
 l - a scroll of brand weapon
 p - 3 scrolls of immolation
 t - a scroll of revelation {unknown}
 u - 2 scrolls of fog
 v - a scroll of fear
 x - a scroll of poison
 z - a scroll of amnesia {unknown}
 A - a scroll of vulnerability {unknown}
Potions
 e - 2 potions of brilliance
 h - 4 potions of enlightenment
 j - 6 potions of curing
 n - 3 potions of might
 q - 2 potions of resistance


   Skills:
 - Level 0.1 Fighting
 + Level 0.8 Axes
 + Level 2.1 Armour
 + Level 4.6 Dodging
 - Level 2.1 Stealth
 * Level 12.5 Spellcasting
 + Level 6.3 Conjurations
 + Level 10.5 Earth Magic
 - Level 3.7 Invocations
 + Level 2.1 Evocations


You had 23 spell levels left.
You knew the following spells:

 Your Spells              Type           Power      Damage    Failure   Level
a - Sandblast             Erth           100%       2d20      1%          1
b - Stone Arrow           Conj/Erth      100%       3d13      1%          3
c - Brom's Barrelling Bo  Conj/Erth      60%        2d8       1%          4
d - Petrify               Alch/Erth      47%        N/A       4%          4

Your spell library contained the following spells:

 Spells                   Type           Power      Damage    Failure   Level
 Passwall                 Erth           67%        N/A       1%          3
 Hailstorm                Conj/Ice       35%        3d8       3%          3
 Apportation              Tloc           34%        N/A       4%          1
 Slow                     Hex            68%        N/A       4%          1
 Mephitic Cloud           Conj/Alch/Air  29%        N/A       4%          3
 Jinxbite                 Hex            34%        N/A       6%          2
 Confusing Touch          Hex            17%        N/A       12%         3
 Sigil of Binding         Hex            17%        N/A       12%         3
 Vampiric Draining        Necr           17%        2d7       12%         3
 Irradiate                Conj/Alch      17%        3d17      30%         5
 Manifold Assault         Tloc           17%        N/A       36%         4
 Alistair's Intoxication  Alch           11%        N/A       73%         5
 Summon Forest            Summ/Tloc      8%         N/A       73%         5
 Summon Mana Viper        Hex/Summ       17%        N/A       73%         5
 Dispersal                Tloc           8%         N/A       99%         6
 Summon Cactus Giant      Summ           8%         N/A       99%         6
 Disjunction              Tloc           8%         N/A       100%        8
 Dragon's Call            Summ           8%         N/A       100%        9


Dungeon Overview and Level Annotations

Branches:
Dungeon (12/15)            Temple (1/1) D:6            Lair (1/5) D:9
    Orc: D:9-12

Altars:
Ashenzari
Cheibriados
Dithmenos
Elyvilon
Fedhas
Gozag
Hepliaklqana
Kikubaaqudgha
Makhleb
Nemelex Xobeh
Okawaru
Qazlal
Ru
Sif Muna
Trog
Uskayaw
Vehumet
Wu Jian
Xom
Yredelemnul
Zin
The Shining One

Shops:
D:2 *   D:5 ?   D:6 =   D:9 !

Annotations:
D:7 3 runed translucent doors, Flugkiller's ghost, novice VSIE


Innate Abilities, Weirdness & Mutations

You are immune to sickness and miasma.
Your stone body is resilient. (AC +8)
You are immune to poison.
You resist negative energy. (rN+)
You are resistant to electric shocks. (rElec)
You are resistant to unholy torment.
You are immune to petrification.


Message History

The centaur warrior shoots an arrow.
The arrow hits you!
The manticore flicks its tail.
The volley of spikes misses you.
Casting: Stone Arrow (safe; 1% risk of failure)
Confirm with . or Enter, or press ? or * to list all spells.
Aiming: Stone Arrow (safe; 1% risk of failure)
Press: ? - help, Shift-Dir - straight line, f/p - centaur warrior
Aim: a centaur warrior, wielding a +0 shortbow (moderately wounded, 84% to hit)
The stone arrow misses the centaur warrior.
The centaur warrior shoots an arrow.
The arrow hits you.
The manticore flicks its tail.
The volley of spikes skewers you but does no damage.
Casting: Stone Arrow (safe; 1% risk of failure)
Confirm with . or Enter, or press ? or * to list all spells.
Aiming: Brom's Barrelling Boulder (dangerous; 1% risk of failure)
Press: ? - help, Dir - move target, f - manticore, p - centaur warrior
Aim: a manticore (100% to hit)
You miscast Brom's Barrelling Boulder.
You are very lightly contaminated with residual magic.
Nothing appears to happen.
The centaur warrior shoots an arrow.
The arrow closely misses you.
The centaur warrior shoots an arrow.
The arrow hits you.
The manticore flicks its tail.
The volley of spikes skewers you!
The barbed spikes become lodged in your body.
* * * LOW HITPOINT WARNING * * *
Okay, then.
As you read the scroll of teleportation, it crumbles to dust.
You feel strangely unstable.
The centaur warrior shoots an arrow.
The arrow hits you.
* * * LOW HITPOINT WARNING * * *
The manticore flicks its tail.
The volley of spikes skewers you!
The barbed spikes become lodged in your body.
* * * LOW HITPOINT WARNING * * *
Okay, then.
The centaur warrior shoots an arrow.
The arrow hits you! Elyvilon protects you from harm!
The centaur warrior shoots an arrow.
The arrow hits you!
You die...

#...# #>..###########
###.............#
..................#
###.........#####.##
#.........#####..#
..................#
####################..#
#H....@.#...#...#.....#
#.c..#..##..##..##....#
#...|.##..##..##..##..#
#..... #...#...#...#..#
##..## #############..#
### #..# #..# #..# #..#


You could see a centaur warrior and a manticore.

Vanquished Creatures
  A boulder beetle (D:11)
  A death yak (D:9)
  3 two-headed ogres
  A manticore (D:11)
  A cyclops (D:11)
  A cane toad (D:9)
  Maggie (D:6)
  Jeremiah (D:6)
  4 trolls
  Prince Ribbit (D:6)
  Sigmund (D:3)
  A vampire (D:11)
  2 shadows (D:11)
  5 yaks
  A wyvern (D:10)
  2 steam dragons
  2 acid dragons
  2 water moccasins
  An ice beast (D:8)
  2 orc warriors
  2 black bears
  An ogre (D:5)
  5 wolves (D:9)
  A phantom (D:6)
  3 kobold brigands
  2 bullfrogs (D:9)
  2 gnoll sergeants
  4 scorpions
  3 killer bees (D:9)
  9 howler monkeys
  6 electric eels
  3 hounds (D:9)
  A jelly (D:7)
  3 gnoll boudas
  3 orc priests
  Crazy Yiuf (D:3)
  Jessica (D:2)
  3 sleepcaps
  Natasha (thrice) (D:3)
  4 iguanas (D:6)
  11 orc wizards
  26 gnolls
  9 adders
  3 white imps
  2 ufetubi (D:7)
  2 dart slugs
  3 ribbon worms
  39 orcs
  4 bats
  5 endoplasms
  9 giant cockroaches
  9 goblins
  7 hobgoblins
  4 jackals (D:4)
  2 quokkas
  11 ball pythons
  5 frilled lizards
  18 kobolds
  3 rats
266 creatures vanquished.

Vanquished Creatures (collateral kills)
  26 boulders
26 creatures vanquished.

Vanquished Creatures (others)
  24 boulders
24 creatures vanquished.

Grand Total: 316 creatures vanquished

Notes
Turn   | Place    | Note
-------+----------+-------------------------------------------
     0 | D:1      | Malady the Gargoyle Earth Elementalist began the quest for
                  | the Orb.
     0 | D:1      | Reached XP level 1. HP: 10/10 MP: 3/3
   350 | D:1      | Reached XP level 2. HP: 15/15 MP: 1/5
  1532 | D:2      | Found Cuputoph's General Store.
  1536 | D:2      | Reached XP level 3. HP: 19/19 MP: 5/7
  1551 | D:2      | Noticed Jessica
  1553 | D:2      | Killed Jessica
  1554 | D:2      | Reached skill level 3 in Spellcasting
  1710 | D:2      | Identified the +4 kite shield of the Several Lives {Str+4}
  1846 | D:2      | Reached XP level 4. HP: 15/24 MP: 7/9
  3157 | D:3      | Noticed Natasha
  3161 | D:3      | Killed Natasha
  3162 | D:3      | Reached skill level 4 in Spellcasting
  3162 | D:3      | Reached XP level 5. HP: 28/28 MP: 7/11
  3174 | D:3      | Learned a level 3 spell: Stone Arrow
  3372 | D:3      | Noticed Sigmund
  3518 | D:3      | Killed Sigmund
  3519 | D:3      | Reached skill level 5 in Spellcasting
  3519 | D:3      | Reached skill level 5 in Earth Magic
  3519 | D:3      | Reached XP level 6. HP: 17/32 MP: 6/13
  3549 | D:3      | Noticed Natasha
  3553 | D:3      | Killed Natasha
  3562 | D:3      | Noticed Natasha
  3567 | D:3      | Killed Natasha
  3629 | D:3      | Noticed a black bear
  3637 | D:3      | Killed a black bear
  3638 | D:3      | Reached XP level 7. HP: 36/36 MP: 10/15
  3737 | D:3      | Found a runed translucent door.
  3738 | D:3      | Noticed Crazy Yiuf
  3742 | D:3      | Killed Crazy Yiuf
  4041 | D:4      | Reached skill level 6 in Spellcasting
  4351 | D:4      | Noticed a yak
  4360 | D:4      | Killed a yak
  4411 | D:4      | Reached XP level 8. HP: 32/41 MP: 9/18
  4991 | D:5      | Entered Level 5 of the Dungeon
  5067 | D:5      | Reached skill level 7 in Spellcasting
  5279 | D:5      | Found Qacubema's Magic Scroll Boutique.
  5693 | D:6      | Identified the +1 robe of Dice, Bag, and Bottle {Int+3}
  5724 | D:6      | Learned a level 4 spell: Brom's Barrelling Boulder
  5826 | D:6      | Reached skill level 1 in Armour
  5913 | D:6      | Noticed Jeremiah
  5919 | D:6      | Reached skill level 8 in Spellcasting
  6117 | D:6      | Killed Jeremiah
  6118 | D:6      | Reached XP level 9. HP: 45/45 MP: 4/21
  6318 | D:6      | Reached skill level 9 in Spellcasting
  6326 | D:6      | Noticed Prince Ribbit
  6332 | D:6      | Killed Prince Ribbit
  6368 | D:6      | Found a shimmering altar of Xom.
  6384 | D:6      | Found Xomyunwe's Jewellery Boutique.
  6438 | D:6      | Found an ornate altar of the Wu Jian Council.
  6439 | D:6      | You fall into a shaft and drop 2 floors!
  7146 | D:6      | Noticed Maggie
  7154 | D:6      | Killed Maggie
  7273 | D:6      | Found a staircase to the Ecumenical Temple.
  7284 | Temple   | Entered the Ecumenical Temple
  7339 | Temple   | Became a worshipper of Elyvilon the Healer
  7451 | D:6      | Reached skill level 10 in Spellcasting
  7591 | D:6      | Learned a level 4 spell: Petrify
  7617 | D:6      | Found a burning altar of Makhleb.
  7648 | D:6      | Found a glowing golden altar of the Shining One.
  8001 | D:7      | Reached XP level 10. HP: 46/50 MP: 0/24
  8347 | D:7      | Identified the +5 hand axe of Salt {venom, rN+ Will+ Int+2}
  8410 | D:7      | Found a sparkling altar of Nemelex Xobeh.
  8616 | D:7      | Found a runed translucent gate.
  8616 | D:7      | Found a runed translucent gate.
  8617 | D:7      | Found an opulent altar of Gozag.
  8619 | D:7      | Found a runed translucent gate.
  8619 | D:7      | Noticed Flugkiller's ghost (novice VSIE)
  8620 | D:7      | Noticed a white ugly thing
  9248 | D:8      | Reached * piety under Elyvilon
  9571 | D:8      | Noticed a two-headed ogre
  9605 | D:8      | Killed a two-headed ogre
  9606 | D:8      | Reached skill level 1 in Invocations
 10749 | D:9      | Noticed a two-headed ogre
 10776 | D:9      | Killed a two-headed ogre
 10777 | D:9      | Reached skill level 11 in Spellcasting
 10777 | D:9      | Reached skill level 1 in Evocations
 10998 | D:9      | Found a staircase to the Lair.
 11017 | D:9      | Reached skill level 5 in Conjurations
 11290 | D:9      | Found Gagutir's Distillery.
 11337 | D:9      | Found a shadowy altar of Dithmenos.
 11371 | D:9      | Reached XP level 11. HP: 54/54 MP: 22/26
 11701 | Lair:1   | Entered Level 1 of the Lair of Beasts
 11701 | Lair:1   | Noticed a death yak
 11702 | Lair:1   | Reached ** piety under Elyvilon
 11702 | Lair:1   | Noticed a death yak
 11702 | Lair:1   | Noticed a death yak
 11704 | Lair:1   | Noticed a death yak
 11909 | D:9      | Killed a death yak
 12557 | D:10     | Entered Level 10 of the Dungeon
 12557 | D:10     | Found a shimmering blue altar of Sif Muna.
 12787 | D:10     | Reached skill level 10 in Earth Magic
 12958 | D:10     | Got Sif Muna's Cyclopedia of the Blasted Retinue
 13553 | D:11     | Reached skill level 12 in Spellcasting
 13700 | D:11     | Identified the +8 rapier of the Writhing Gods {speed,
                  | ^Drain Int+4 Stlth+}
 13812 | D:11     | Reached *** piety under Elyvilon
 13867 | D:11     | Noticed a boulder beetle
 13889 | D:11     | Killed a boulder beetle
 14022 | D:11     | Noticed a manticore
 14035 | D:11     | Killed a manticore
 14462 | D:11     | Noticed a two-headed ogre
 14473 | D:11     | Killed a two-headed ogre
 14770 | D:11     | Noticed a cyclops
 14771 | D:11     | Reached **** piety under Elyvilon
 14826 | D:11     | Killed a cyclops
 15594 | D:12     | Noticed a centaur warrior
 15594 | D:12     | Noticed a manticore
 15600 | D:12     | HP: 1/54 [manticore/volley of spikes (10)]
 15601 | D:12     | Elyvilon protects you from harm!
 15601 | D:12     | Shot with an arrow by a centaur warrior

Illustrated notes

Levels and vault maps discovered:
D:1:      dpeg_arrival_tiny_b, layout_basic, serial_co_window_serial,
          co_window_paths_a, co_window_of_opportunity_a,
          co_window_of_opportunity_a, co_window_corner_a, co_window_paths_b,
          co_window_paths_a, co_window_cross_1, co_window_of_opportunity_b,
          co_window_broadway_c, co_window_paths_c, co_window_corner_b,
          co_window_paths_d, co_window_paths_e, glass_columns_c,
          glass_columns_b, glass_columns_b
D:2:      cheibrodos_old_hovel, layout_loops_corners, serial_shops, shop,
          minivault_4, minmay_worlds_worst_comb, uniq_jessica
D:3:      layout_basic, uniq_natasha, uniq_sigmund, uniq_crazy_yiuf_cottage
D:4:      layout_basic, minmay_manual_monolith
D:5:      layout_cave_pools, serial_shops, nicolae_shop_statue_plus
D:6:      layout_cave_pools, nicolae_overflow_hidden_temple,
          minmay_temple_entry_stoned_glass, serial_shops,
          nicolae_shop_advertising_works [nicolae_subvault_shop_adworks],
          uniq_jeremiah, uniq_prince_ribbit1, uniq_maggie
D:7:      layout_cave_pools, nemelex_spade_bored_becter, ebering_ghost_gozag
D:8:      layout_basic, chequers_garden, minmay_hedge_maze,
          minmay_misc_feat_tower, chequers_hall_statues_wall_a,
          minmay_misc_feat_square, nrook_pool_corridor, dk_vineyard_1,
          eino_small_chamber_without_monster
D:9:      layout_roguey, nicolae_dithmenos_through_a_glass_darkly,
          erik_lair_island, serial_shops, shop
D:10:     layout_loops_ring, mainiacjoe_overflow_chevrons, ldierk_geyser
D:11:     layout_small_grid, serial_co_window_serial, co_window_paths_a,
          co_window_of_opportunity_a, co_window_paths_b, co_window_paths_a,
          co_window_of_opportunity_a, co_window_cross_1, co_window_cross_1,
          co_window_corner_cb, co_window_of_opportunity_b, co_window_corner_b,
          co_window_corner_b, co_window_corner_ca, co_window_corner_b,
          co_window_sun, glass_columns_a, glass_columns_b, glass_columns_b
D:12:     minmay_textured_paths, layout_small_grid, orc_david_3, minmay_holes,
          uniq_josephine
Temple:   minmay_freezing_vapour_temple
Lair:1:   layout_cave_pods, serial_bayou_shore_b

Skill      XL: |  1  2  3  4  5  6  7  8  9 10 11 |
---------------+----------------------------------+-----
Earth Magic    | 4 5 6 7 8 9 10 | 10.5
Spellcasting   | 3 4 5 6 8 10 11 12 | 12.5
Dodging        | 2 3 4 |  4.6
Armour         | 1 2 |  2.1
Conjurations   | 3 5 6 |  6.3
Invocations    | 3 |  3.7
Evocations     | 1 2 |  2.1
Fighting       | |  0.1
Axes           | |  0.8
Stealth        | |  2.1

Action                     |  1- 3 |  4- 6 |  7- 9 | 10-12 || total
---------------------------+-------+-------+-------+-------++-------
  Melee: Dagger            |     8 |       |       |       ||     8
         Unarmed           |     1 |       |       |       ||     1
         Quarterstaff      |    20 |    46 |    16 |       ||    82
         Staff             |       |       |    58 |    21 ||    79
         Punch             |       |       |     1 |       ||     1
         Hand axe          |       |       |       |    22 ||    22
   Cast: Sandblast         |    33 |    46 |    66 |     7 ||   152
         Stone Arrow       |       |     1 |    59 |    96 ||   156
         Brom's Barrelling |       |       |    15 |    52 ||    67
  Evoke: Wand              |       |       |       |    28 ||    28
    Use: Scroll            |     3 |     3 |     6 |    10 ||    22
         Potion            |       |       |     5 |     8 ||    13
   Stab: Sleeping          |       |       |     1 |       ||     1
 Armour: Robe              |    29 |    48 |    97 |   114 ||   288
         Leather armour    |       |       |    26 |       ||    26
         Troll leather arm |       |       |       |    27 ||    27
  Dodge: Dodged            |    25 |    83 |   105 |    75 ||   288
